 Dungeon Crawl Stone Soup version 0.16.3-4-gc506b73efe (webtiles) character file.

176687 B0ngwiz42069 the Stormcaller (level 17, -9/113 HPs)
             Began as a High Elf Skald on Dec 26, 2023.
             Was the Champion of Okawaru.
             Mangled by the 27-headed Lernaean hydra (15 damage)
             ... on level 5 of the Swamp.
             The game lasted 04:15:05 (44054 turns).

B0ngwiz42069 the Stormcaller (High Elf Skald)      Turns: 44054, Time: 04:15:05

Health: -9/113     AC: 23    Str: 11    XL:     17   Next: 51%
Magic:  34/34      EV: 22    Int: 23    God:    Okawaru [******]
Gold:   1155       SH:  0    Dex: 24    Spells: 9 memorised, 7 levels left

rFire  . . .     SeeInvis .     a - +9 longbow (elec)
rCold  + . .     Clarity  .     Q - +1 troll leather armour of the Yeti {MR+ Regen+ Stlth+}
rNeg   + . .     SustAb   .     (no shield)
rPois  +         Gourm    .     p - +2 hat {rC+}
rElec  .         Spirit   .     S - +5 cloak of the World {rPois Dex+2 Slay+3 Stlth-}
rCorr  .         Warding  .     L - +2 pair of gloves {Dex+3}
rMut   .         Stasis   .     P - +1 pair of boots of Yntuh {rN+}
MR     ++...                    q - amulet of faith
Stlth  ++........               O - ring "Opaxuf" {rPois Str+2 Dex+3 Stlth-}
                                T - +3 ring of protection

@: about to teleport, very slightly contaminated, deflect missiles, very
resistant to hostile enchantments, unstealthy
A: antennae 1, talons 2, thin metallic scales 1, low mp 1, spit poison 1, weak
1, evolution 1
a: Spit Poison, Heroism, Finesse, Renounce Religion


You were on level 5 of the Swamp.
You worshipped Okawaru.
Okawaru was exalted by your worship.
You were not hungry.

You visited 6 branches of the dungeon, and saw 34 of its levels.
You also visited: Ice Cave.

You collected 3526 gold pieces.
You spent 2371 gold pieces at shops.

Inventory:

Hand weapons
 a - a +9 longbow of electrocution (weapon)
 b - a +1 triple sword of electrocution
 c - a +2 long sword of holy wrath
 W - a +1 blowgun
Missiles
 o - 7 curare-tipped needles
 s - 46 poisoned arrows
 t - 73 arrows (quivered)
 J - 33 arrows of frost
 R - 34 arrows of flame
Armour
 p - a +2 hat of cold resistance (worn)
 E - the +0 leather armour of the Cooper {rPois rF+ rC- Regen+ Dex+5}
   (You bought it in a shop on level 4 of the Orcish Mines)

   It affects your dexterity (+5).
   It protects you from fire.
   It makes you vulnerable to cold.
   It protects you from poison.
   It increases your rate of regeneration.
 L - a +2 pair of gloves of dexterity (worn)
 P - the +1 pair of boots of Yntuh (worn) {rN+}
   (You found it on level 9 of the Dungeon)

   It protects you from negative energy.
 Q - the +1 troll leather armour of the Yeti (worn) {MR+ Regen+ Stlth+}
   (Okawaru gifted it to you on level 3 of the Lair of Beasts)

   It affects your resistance to hostile enchantments.
   It increases your rate of regeneration.
   It makes you more stealthy.
 S - the +5 cloak of the World (worn) {rPois Dex+2 Slay+3 Stlth-}
   (Okawaru gifted it to you on level 15 of the Dungeon)

   It affects your dexterity (+2).
   It affects your accuracy and damage with ranged weapons and melee attacks
   (+3).
   It protects you from poison.
   It makes you less stealthy.
Magical staves
 I - an uncursed staff of air
Rods
 C - a +0 iron rod (9/9)
   (You found it on level 3 of the Lair of Beasts)
Jewellery
 q - an amulet of faith (around neck)
 r - an uncursed ring of fire
 y - an uncursed ring of protection from cold
 D - the amulet of Hiofumn {rMut rElec rC+ MP-9 SInv Stlth-}
   (You found it on level 9 of the Dungeon)

   [amulet of resist mutation]

   It protects you from mutation.
   It protects you from cold.
   It insulates you from electricity.
   It affects your magic capacity (-9).
   It enhances your eyesight.
   It makes you less stealthy.
 G - the ring "Ryumoll" {Wiz Str+4}
   (You bought it in a shop on level 4 of the Orcish Mines)

   [ring of wizardry]

   It improves your spell success rate.
   It affects your strength (+4).
 K - an uncursed amulet of clarity
 O - the ring "Opaxuf" (right hand) {rPois Str+2 Dex+3 Stlth-}
   (You bought it in a shop on level 4 of the Orcish Mines)

   [ring of loudness]

   It affects your strength (+2).
   It affects your dexterity (+3).
   It protects you from poison.
   It makes you less stealthy.
 T - a +3 ring of protection (left hand)
 Z - the amulet "Bryxzum" {Ward +Fly rC+ rN+ Str+3 Stlth+}
   (You found it on level 3 of the Lair of Beasts)

   [amulet of warding]

   It may prevent the melee attacks of summoned creatures.
   It affects your strength (+3).
   It protects you from cold.
   It protects you from negative energy.
   It lets you fly.
   It makes you more stealthy.
Magical devices
 e - a wand of cold (3)
 u - a wand of heal wounds (5)
 x - a wand of disintegration (10)
 H - a wand of digging (9)
 U - a wand of invisibility (6)
Scrolls
 f - 17 scrolls of remove curse
 g - 14 scrolls of teleportation
 i - 2 scrolls of magic mapping
 k - 2 scrolls of fog
 m - 4 scrolls of identify
 n - 10 scrolls of enchant armour
 Y - 5 scrolls of amnesia
Potions
 d - a potion of haste
 h - 4 potions of curing
 v - 3 potions of agility
 A - 3 potions of restore abilities
 B - 3 potions of heal wounds
 M - a potion of might
 X - 3 potions of magic
Miscellaneous
 N - a phial of floods
Comestibles
 j - 11 meat rations
 l - 21 fruits
 w - a poisonous chunk of flesh
 z - 13 royal jellies
 V - 9 bread rations


   Skills:
 + Level 9.5 Fighting
 + Level 9.6 Long Blades
 * Level 13.1 Bows
 - Level 0.8 Armour
 + Level 10.0 Dodging
 - Level 4.0 Stealth
   Level 3.7 Shields
 + Level 13.5 Spellcasting
 - Level 8.5 Conjurations
 - Level 13.0 Charms
 - Level 2.5 Translocations
 - Level 5.0 Ice Magic
 * Level 20.4 Air Magic
 - Level 2.0 Invocations
 - Level 2.4 Evocations


You had 7 spell levels left.
You knew the following spells:

 Your Spells              Type           Power        Failure   Level  Hunger
b - Regeneration          Chrm/Necr      #####.....   1%          3    None
c - Spectral Weapon       Hex/Chrm       #####...     1%          3    None
d - Shroud of Golubria    Chrm/Tloc      ######....   1%          2    None
e - Lightning Bolt        Conj/Air       ######....   1%          5    ###....
f - Haste                 Chrm           ######..     4%          6    #####..
g - Deflect Missiles      Chrm/Air       #######...   1%          6    #####..
h - Cure Poison           Pois           ###.......   10%         2    None
i - Freezing Cloud        Conj/Ice/Air   ######....   10%         6    #####..
j - Flight                Chrm/Air       #######...   0%          3    None


Dungeon Overview and Level Annotations

Branches:
Dungeon (15/15)            Temple (1/1) D:6            Lair (8/8) D:11
  Swamp (5/5) Lair:5        Snake (0/5) Lair:6        Slime (0/6) Lair:7
    Orc (4/4) D:11            Elf (0/3) Orc:4        Vaults (0/5) D:14
 Depths (1/5) D:15

Altars:
Ashenzari
Cheibriados
Dithmenos
Elyvilon
Fedhas
Gozag
Kikubaaqudgha
Makhleb
Nemelex Xobeh
Okawaru
Qazlal
Ru
Sif Muna
Trog
Vehumet
Xom
Yredelemnul
Zin
The Shining One
Beogh
Jiyva

Shops:
D:5 *?   D:11 *   Orc:3 }   Orc:4 *([=

Annotations:
D:9 2 runed doors
D:11 1 runed door
Swamp:5 Lernaean hydra


Innate Abilities, Weirdness & Mutations

You have a pair of small antennae on your head.
You have razor-sharp toenails.
You are partially covered in thin metallic scales (AC +2).
Your magical capacity is low (-10% MP).
You can spit poison.
You are weak. (Str -2)
You evolve.


Message History

The 27-headed Lernaean hydra bites you.
The 27-headed Lernaean hydra completely misses you.
Unknown command.
The 27-headed Lernaean hydra bites you!
* * * LOW HITPOINT WARNING * * *
The 27-headed Lernaean hydra bites you!
* * * LOW HITPOINT WARNING * * *
The 27-headed Lernaean hydra bites you but does no damage.
The 27-headed Lernaean hydra bites you!
* * * LOW HITPOINT WARNING * * *
The 27-headed Lernaean hydra bites you but does no damage.
The 27-headed Lernaean hydra closely misses you.
The 27-headed Lernaean hydra bites you but does no damage. x2
The 27-headed Lernaean hydra bites you!
* * * LOW HITPOINT WARNING * * *
The 27-headed Lernaean hydra completely misses you.
The 27-headed Lernaean hydra bites you but does no damage.
The 27-headed Lernaean hydra barely misses you.
The 27-headed Lernaean hydra bites you!
You die...

♣♣♣♣≈.≈#.8.8.8≈..#..≈8÷8.8.#≈≈..≈
.≈..≈≈.'P..≈≈.÷..#..≈÷÷....).≈.♣≈
≈♣≈.§§.#≈...#≈≈.⌠#⌠...#≈..≈#.≈.♣♣
♣♣♣♣≈♣≈...#..##########†.≈≈....≈♣
♣♣♣≈#....#...⌠#⌠.≈§#≈...#.≈≈♣♣
♣..≈≈..≈.≈≈....≈..†..P.≈≈.♣
♣≈#≈(≈8.8...#≈..(.8.8..≈≈♣♣
♣≈......≈8D.#..(.≈..≈.#≈♣♣
♣≈####+#...@#.≈....###.≈♣
♣##....'.(..#..(..≈≈...#♣ ♣♣
#.....#...≈.≈...#.≈P..# .♣
#..φ..#.(....P(≈#[....# ≈♣
#.....#..≈....≈≈#..P...♣ ♣♣
##...###..#.#.###.P....♣ ♣ ####
≈≈≈≈....≈ ≈#..##. ..§.....≈...
≈.≈ ....§.≈≈... .


You could see the 27-headed Lernaean hydra.

Vanquished Creatures
  Nikola (Swamp:4)
  Asterion (Swamp:2)
  2 thorn hunters
  Frances (Swamp:2)
  Roxanne (Swamp:3)
  3 orc warlords
  An emperor scorpion (Depths:1)
  A very ugly thing (Swamp:2)
  6 rakshasas
  An ettin (D:15)
  4 vault guards (D:14)
  A yaktaur captain (Depths:1)
  Fannar (Orc:3)
  Nessos (Swamp:1)
  2 centaur warriors
  4 ghost crabs
  25 hydras
  An ogre mage (D:15)
  Erica (Lair:6)
  The ghost of faibistes the Thaumaturge, a powerful DEWz of Sif Muna (Lair:3)
  5 tengu warriors
  A deep troll shaman (Depths:1)
  5 alligators
  14 death yaks
  Urug (Orc:4)
  An orc high priest (Orc:4)
  Erolcha (Orc:1)
  A hell knight (D:15)
  4 unseen horrors
  4 ice devils (IceCv)
  A deep troll (Depths:1)
  14 swamp dragons
  4 ice statues
  2 shambling mangroves
  Pikel (D:4)
  A wolf spider zombie (D:15)
  3 orc knights
  7 hill giants
  2 griffons (Lair:8)
  3 hornets
  2 ugly things
  5 orc sorcerers (Orc:4)
  2 wizards
  23 slime creatures
  2 black mambas
  5 elephants
  A guardian serpent (shapeshifter) (D:14)
  3 cyclopes
  Joseph (Orc:1)
  Psyche (Orc:1)
  5 centaur skeletons
  An efreet (D:15)
  5 fire drakes
  5 kobold demonologists
  20 spiny frogs
  A spectral weapon (Orc:4)
  10 komodo dragons
  5 yaktaurs
  2 gargoyles
  A freezing wraith (Lair:8)
  2 spriggan druids
  2 tengu conjurers
  3 blue devils (IceCv)
  3 two-headed ogres
  Sonja (D:14)
  A trapdoor spider zombie (D:9)
  5 polar bears
  A harpy skeleton (D:15)
  17 ravens
  5 giant leeches
  4 trolls
  15 blink frogs
  15 bog bodies
  A spectral giant leech (Swamp:5)
  12 spriggans
  A boulder beetle (Lair:8)
  6 basilisks
  8 redbacks (Lair:8)
  7 deep elf magi
  A vampire (Swamp:4)
  2 trapdoor spiders
  17 yaks
  2 wyverns
  2 water elementals (D:15)
  2 wraiths
  5 shadows
  A hungry ghost (D:13)
  3 mottled dragons
  Grum (Orc:2)
  A chaos spawn (Swamp:2)
  A neqoxec (Swamp:2)
  37 swamp worms
  A spectral spiny frog (Swamp:2)
  9 hippogriffs
  Edmund (Orc:1)
  11 insubstantial wisps
  Menkaure (D:5)
  A soldier ant (D:10)
  24 wolves
  6 wargs
  25 water moccasins
  A slave (D:4)
  46 orc warriors
  27 vampire mosquitoes
  5 nagas (Lair:6)
  9 porcupines
  15 swamp drakes
  7 ogres
  7 phantoms
  2 spectral blink frogs (Swamp:2)
  4 sky beasts
  8 wasps
  3 black bears (Lair:8)
  2 eyes of draining
  A necrophage (D:9)
  15 centaurs
  A boring beetle (Lair:7)
  16 ice beasts
  20 crocodiles
  Duvessa (D:4)
  13 big kobolds
  Blork the orc (Orc:4)
  16 giant frogs
  2 wyvern zombies
  A spectral water moccasin (Swamp:2)
  A wyvern skeleton (D:10)
  3 scorpions
  A water moccasin skeleton (D:7)
  5 wights (D:9)
  6 killer bees
  2 crimson imps
  12 electric eels
  A goliath beetle (D:7)
  Dowan (D:4)
  7 jellies
  4 centaur zombies
  18 orc priests
  A wasp zombie (D:8)
  3 giant frog zombies
  16 hounds
  18 iguanas
  Crazy Yiuf (D:5)
  A quasit (D:12)
  3 giant frog skeletons
  35 orc wizards
  11 worker ants
  23 sheep
  A killer bee zombie (D:9)
  Ijyb (D:3)
  A hound skeleton (D:9)
  Robin (D:2)
  55 river rats
  32 adders
  13 gnolls
  14 white imps
  A shadow imp (D:11)
  8 giant mites
  3 worms (D:2)
  3 ufetubi (IceCv)
  3 adder skeletons
  An orc zombie (Orc:4)
  11 giant geckos
  9 oozes
  168 orcs
  21 bats
  A bat skeleton (D:4)
  7 giant cockroaches
  26 hobgoblins
  9 jackals
  53 kobolds
  11 quokkas
  A giant gecko skeleton (D:5)
  2 giant newts (D:2)
  21 goblins
  A quokka zombie (D:5)
  13 rats
  A ballistomycete (D:14)
  A fungus (Swamp:5)
  3 plants
1389 creatures vanquished.

Vanquished Creatures (collateral kills)
  Harold (Lair:7)
  A basilisk (Lair:7)
  A wolf (Lair:2)
  A hell rat (D:9)
  A fungus (Lair:7)
5 creatures vanquished.

Vanquished Creatures (others)
  A water elemental (Lair:2)
  An insubstantial wisp (Swamp:4)
  A swamp worm (Swamp:4)
  2 swamp drakes
  28 spectral weapons
  2 white imps (IceCv)
  An ufetubus (IceCv)
  2 orcs (Orc:1)
  A bat (D:10)
  2 goblins
  A hobgoblin (D:4)
  A ball python (D:4)
  A giant spore (D:14)
  A rat (D:4)
  A ballistomycete (D:14)
  A bush (Lair:8)
  59 fungi
  30 plants
  9 toadstools (Swamp:4)
145 creatures vanquished.

Grand Total: 1539 creatures vanquished

Notes
Turn   | Place    | Note
--------------------------------------------------------------
     0 | D:1      | B0ngwiz42069, the High Elf Skald, began the quest for the Orb.
     0 | D:1      | Reached XP level 1. HP: 14/14 MP: 4/4
   380 | D:1      | Reached XP level 2. HP: 19/19 MP: 6/6
  1135 | D:2      | Reached XP level 3. HP: 17/24 MP: 6/8
  1144 | D:2      | Learned a level 3 spell: Regeneration
  1148 | D:2      | Learned a level 3 spell: Spectral Weapon
  1311 | D:2      | Reached skill level 4 in Charms
  1543 | D:2      | Reached skill level 1 in Stealth
  1696 | D:2      | Reached XP level 4. HP: 20/29 MP: 6/12
  2263 | D:3      | Noticed Robin
  2310 | D:2      | Killed Robin
  2452 | D:3      | Reached XP level 5. HP: 32/35 MP: 7/14
  2480 | D:3      | Noticed Ijyb
  2488 | D:3      | Killed Ijyb
  2884 | D:3      | Reached skill level 5 in Charms
  3470 | D:4      | Reached XP level 6. HP: 41/41 MP: 14/18
  3544 | D:4      | Found a bloodstained altar of Trog.
  3570 | D:4      | Noticed Dowan
  3600 | D:4      | Killed Dowan
  3611 | D:4      | Gained mutation: You can spit poison. [potion of mutation]
  3611 | D:4      | Gained mutation: You have sharp toenails. [potion of mutation]
  3611 | D:4      | Gained mutation: Scrolls take you a little longer to read. [potion of mutation]
  3674 | D:4      | Noticed Duvessa
  3747 | D:4      | Killed Duvessa
  3881 | D:4      | Noticed a phantom
  3905 | D:4      | Killed a phantom
  3905 | D:4      | Reached XP level 7. HP: 24/46 MP: 13/20
  4023 | D:4      | Noticed a slave
  4026 | D:4      | Noticed Pikel
  4027 | D:4      | Noticed a slave
  4029 | D:4      | Noticed a slave
  4032 | D:4      | Noticed a slave
  4039 | D:4      | Killed a slave
  4055 | D:4      | Killed Pikel
  4055 | D:4      | Reached skill level 5 in Spellcasting
  4055 | D:4      | Reached skill level 6 in Charms
  4300 | D:4      | Reached skill level 5 in Long Blades
  4300 | D:4      | Reached XP level 8. HP: 53/53 MP: 23/23
  4556 | D:5      | Entered Level 5 of the Dungeon
  4575 | D:5      | Found Uvusa's Assorted Antiques.
  4588 | D:5      | Bought a bronze wand for 96 gold pieces
  5124 | D:5      | Noticed Menkaure
  5748 | D:5      | Found Jekewungevo's Magic Scroll Shop.
  5776 | D:5      | Noticed Crazy Yiuf
  5789 | D:5      | Killed Crazy Yiuf
  5802 | D:5      | Killed Menkaure
  5802 | D:5      | Reached skill level 7 in Charms
  6207 | D:6      | Reached skill level 1 in Bows
  6840 | D:6      | Found a staircase to the Ecumenical Temple.
  6847 | Temple   | Entered the Ecumenical Temple
  6953 | Temple   | Became a worshipper of Warmaster Okawaru
  7123 | D:6      | Reached XP level 9. HP: 58/58 MP: 23/26
  7237 | D:6      | Found a sparkling altar of Nemelex Xobeh.
  7287 | D:6      | Learned a level 2 spell: Shroud of Golubria
  7493 | D:7      | Found a white marble altar of Elyvilon.
  7521 | D:7      | Reached skill level 8 in Charms
  7720 | D:7      | Reached skill level 1 in Evocations
  7835 | D:7      | Acquired Okawaru's first power
  7835 | D:7      | Reached skill level 1 in Translocations
  7835 | D:7      | Reached skill level 1 in Invocations
  7944 | D:7      | Reached skill level 5 in Dodging
  8196 | D:7      | Paralysed by a wasp for 3 turns
  8259 | D:7      | Found a stormy altar of Qazlal.
  8700 | D:8      | Reached XP level 10. HP: 52/63 MP: 22/29
  9045 | D:8      | YEAH BABY
  9051 | D:8      | Learned a level 5 spell: Lightning Bolt
  9401 | D:8      | Reached skill level 1 in Air Magic
  9455 | D:8      | Reached skill level 1 in Conjurations
 10051 | D:9      | Received a gift from Okawaru
 10358 | D:9      | Found a large runed door.
 10358 | D:9      | Found a large runed door.
 10409 | D:9      | Reached skill level 5 in Air Magic
 10501 | D:9      | Got a pair of smoking boots
 10512 | D:9      | Identified the +1 pair of boots of Yntuh {rN+} (You found it on level 9 of the Dungeon)
 10669 | D:9      | Found a staircase to the Lair.
 10835 | D:9      | Found a large runed door.
 11008 | D:9      | Found a large runed door.
 11022 | D:9      | Found a burning altar of Makhleb.
 11224 | D:9      | Received a gift from Okawaru
 11224 | D:9      | Reached skill level 5 in Conjurations
 11356 | D:9      | Got a distressingly furry ring mail
 11365 | D:9      | Identified the cursed -2 ring mail of Ynucsaul {Contam rF- Regen+ Str+2 Int+7} (You found it on level 9 of the Dungeon)
 11447 | D:9      | Learned a level 6 spell: Haste
 11701 | D:9      | Got a smoking emerald amulet
 11706 | D:9      | Identified the amulet of Hiofumn {rMut rElec rC+ MP-9 SInv Stlth-} (You found it on level 9 of the Dungeon)
 11765 | D:9      | Reached XP level 11. HP: 60/69 MP: 26/30
 11804 | D:10     | Entered Level 10 of the Dungeon
 12092 | D:10     | Acquired Okawaru's second power
 12092 | D:10     | Received a gift from Okawaru
 12413 | D:10     | Reached skill level 9 in Spellcasting
 12568 | D:10     | Noticed a hill giant
 12595 | D:10     | Killed a hill giant
 12606 | D:10     | Learned a level 6 spell: Deflect Missiles
 13384 | D:10     | Killed an unseen horror
 13384 | D:10     | Received a gift from Okawaru
 13436 | D:10     | Found a sacrificial altar of Ru.
 13813 | D:11     | Found a staircase to the Lair.
 14017 | D:11     | Reached skill level 10 in Air Magic
 14049 | D:11     | Received a gift from Okawaru
 14227 | D:11     | Noticed a hill giant
 14255 | D:11     | Killed a hill giant
 14282 | D:11     | Noticed a hill giant
 14294 | D:11     | Killed a hill giant
 14489 | D:11     | Found a runed door.
 14495 | D:11     | Noticed an ice statue
 14499 | D:11     | Killed an ice statue
 14499 | D:11     | Reached skill level 10 in Charms
 14499 | D:11     | Reached skill level 11 in Air Magic
 14520 | D:11     | Found a runed door.
 14534 | D:11     | Received a gift from Okawaru
 14553 | D:11     | Found a runed door.
 14574 | D:11     | Found a staircase to the Orcish Mines.
 14594 | D:11     | Found a runed door.
 14764 | D:11     | Received a gift from Okawaru
 14886 | D:11     | Received a gift from Okawaru
 14886 | D:11     | Reached skill level 12 in Air Magic
 14997 | D:11     | Gained mutation: You are dopey. (Int -2) [mutagenic meat]
 14998 | D:11     | Gained mutation: You evolve. [mutagenic meat]
 15037 | D:11     | Found Crykhu's Assorted Antiques.
 15040 | D:11     | Bought a scroll labeled THROYG IM EBA for 34 gold pieces
 15040 | D:11     | Bought an iron wand for 136 gold pieces
 15362 | Lair:1   | Entered Level 1 of the Lair of Beasts
 15537 | Lair:1   | Reached XP level 12. HP: 43/74 MP: 12/31
 15653 | Lair:1   | Lost mutation: Scrolls take you a little longer to read. [evolution]
 15781 | Lair:1   | Received a gift from Okawaru
 16511 | Lair:2   | Received a gift from Okawaru
 16627 | Lair:2   | Reached skill level 13 in Air Magic
 17596 | Lair:3   | Received a gift from Okawaru
 17625 | Lair:2   | Reached skill level 14 in Air Magic
 18022 | Lair:3   | Got a bloodstained troll leather armour {god gift}
 18040 | Lair:2   | Identified the +1 troll leather armour of the Yeti {MR+ Regen+ Stlth+} (Okawaru gifted it to you on level 3 of the Lair of Beasts)
 18117 | Lair:3   | Got a glittering pewter amulet
 18118 | Lair:3   | Identified the amulet "Bryxzum" {Ward +Fly rC+ rN+ Str+3 Stlth+} (You found it on level 3 of the Lair of Beasts)
 18209 | Lair:3   | Noticed faibistes' ghost (powerful DEWz)
 18235 | Lair:3   | Killed faibistes' ghost
 18568 | Lair:3   | Reached skill level 15 in Air Magic
 18581 | Lair:3   | Learned a level 2 spell: Cure Poison
 19065 | Lair:4   | Found a frozen archway.
 19069 | IceCv    | Entered an ice cave
 19266 | IceCv    | Reached XP level 13. HP: 49/79 MP: 23/32
 19296 | IceCv    | Reached skill level 1 in Shields
 19458 | IceCv    | Received a gift from Okawaru
 20248 | Lair:5   | Found a stormy altar of Qazlal.
 20395 | Lair:5   | Reached skill level 16 in Air Magic
 20599 | Lair:5   | Found a staircase to the Swamp.
 21545 | Lair:6   | Received a gift from Okawaru
 21548 | Lair:6   | Noticed Erica
 21653 | Lair:6   | Killed Erica
 21653 | Lair:6   | Reached skill level 5 in Fighting
 21990 | Lair:6   | Found a staircase to the Snake Pit.
 22215 | Lair:6   | Reached skill level 10 in Spellcasting
 22585 | Lair:7   | Found a staircase to the Slime Pits.
 22585 | Lair:7   | Found a viscous altar of Jiyva.
 22760 | Lair:7   | Received a gift from Okawaru
 22812 | Lair:7   | Reached skill level 17 in Air Magic
 22874 | Lair:7   | Identified a scroll of acquirement
 22991 | Lair:7   | Reached XP level 14. HP: 56/88 MP: 34/34
 23269 | Lair:7   | Reached skill level 5 in Bows
 23466 | Lair:7   | Noticed Harold
 23489 | Lair:7   | Killed Harold
 23814 | Lair:6   | Received a gift from Okawaru
 23888 | Lair:8   | Entered Level 8 of the Lair of Beasts
 24318 | Lair:7   | Learned a level 6 spell: Freezing Cloud
 24460 | Lair:8   | Reached skill level 1 in Ice Magic
 25088 | Lair:8   | Gained mutation: You have razor-sharp toenails. [evolution]
 25548 | Lair:8   | Received a gift from Okawaru
 26415 | Orc:1    | Entered Level 1 of the Orcish Mines
 26415 | Orc:1    | Found a glowing golden altar of the Shining One.
 26434 | Orc:1    | Noticed Joseph
 26443 | Orc:1    | Killed Joseph
 27084 | Orc:3    | Noticed an orc warlord
 27101 | Orc:3    | Killed an orc warlord
 27101 | Orc:3    | Received a gift from Okawaru
 27120 | Orc:3    | Got a fine shortbow {god gift}
 27121 | Orc:3    | Identified the +1 shortbow "Pauppi Schyo" {velocity, +Blink Int+3} (Okawaru gifted it to you on level 3 of the Orcish Mines)
 27564 | Orc:2    | Noticed Grum
 27582 | Orc:2    | Killed Grum
 27944 | Orc:1    | Noticed Erolcha
 27953 | Orc:1    | Killed Erolcha
 28068 | Orc:1    | Noticed Psyche
 28125 | Orc:1    | Noticed Edmund
 28129 | Orc:1    | Killed Psyche
 28144 | Orc:1    | Killed Edmund
 28400 | Orc:4    | Entered Level 4 of the Orcish Mines
 28400 | Orc:4    | Noticed an orc warlord
 28477 | Orc:3    | Killed an orc warlord
 28631 | Orc:3    | Reached skill level 18 in Air Magic
 28695 | Orc:4    | Reached XP level 15. HP: 96/96 MP: 24/36
 28701 | Orc:4    | Found a staircase to the Elven Halls.
 28763 | Orc:4    | Noticed Urug
 28828 | Orc:4    | Noticed an orc warlord
 28828 | Orc:4    | Found a roughly hewn altar of Beogh.
 28828 | Orc:4    | Found Stosohus' General Store.
 28829 | Orc:4    | Noticed Blork the orc
 28834 | Orc:4    | Killed Urug
 29199 | Orc:4    | Killed an orc warlord
 29199 | Orc:4    | Received a gift from Okawaru
 29266 | Orc:4    | Killed Blork the orc
 29344 | Orc:4    | Reached skill level 5 in Ice Magic
 29543 | Orc:4    | Found Daniul's Antique Weapon Shoppe.
 29614 | Orc:4    | Found Psukah's Antique Armour Shoppe.
 29751 | Orc:4    | Bought a steaming leather armour for 203 gold pieces
 29761 | Orc:4    | Identified the +0 leather armour of the Cooper {rPois rF+ rC- Regen+ Dex+5} (You bought it in a shop on level 4 of the Orcish Mines)
 29773 | Orc:4    | Found Jufa Pnu's Jewellery Shoppe.
 29780 | Orc:4    | Bought the ring "Ryumoll" {Wiz Str+4} for 544 gold pieces
 29780 | Orc:4    | Bought the ring "Opaxuf" {rPois Str+2 Dex+3 Stlth-} for 350 gold pieces
 30070 | Orc:3    | Found Bojila's Quality Used Wands.
 30081 | Orc:3    | Bought a wand of invisibility (0) for 52 gold pieces
 30151 | Orc:3    | Noticed Fannar
 30200 | Orc:3    | Killed Fannar
 30535 | Orc:4    | Bought a scroll of recharging for 152 gold pieces
 30974 | D:5      | Bought a scroll of acquirement for 780 gold pieces
 30978 | D:5      | MOTHERFUCKER
 30987 | D:5      | Bought a scroll labeled CRERAP TULAUL for 24 gold pieces
 31760 | Lair:6   | Learned a level 3 spell: Flight
 32325 | D:12     | Identified a +0 rod of inaccuracy (9/9) (You found it on level 12 of the Dungeon)
 32896 | D:12     | Received a gift from Okawaru
 34299 | D:13     | Lost mutation: You are dopey. (Int -2) [evolution]
 34747 | D:14     | Noticed Sonja
 34750 | D:14     | Killed Sonja
 34870 | D:14     | Found a gate to the Vaults.
 34884 | D:14     | Received a gift from Okawaru
 34889 | D:14     | Got a slimy demon blade {god gift}
 34890 | D:14     | Identified the +6 demon blade of the Vine {freeze, Dex+4} (Okawaru gifted it to you on level 14 of the Dungeon)
 35821 | D:15     | Entered Level 15 of the Dungeon
 35831 | D:15     | HP: 4/97 [slime creature (6)]
 36041 | D:15     | Received a gift from Okawaru
 36071 | D:15     | Reached skill level 19 in Air Magic
 36230 | D:15     | Reached XP level 16. HP: 102/104 MP: 37/37
 36549 | D:15     | Received a gift from Okawaru
 36555 | D:15     | Got a smoking cloak {god gift}
 36595 | D:15     | Gained mutation: You tend to lose your temper in combat. [mutagenic meat]
 36759 | D:15     | Found a staircase to the Depths.
 37267 | Depths:1 | Entered Level 1 of the Depths
 37327 | Depths:1 | Reached skill level 10 in Bows
 37873 | Lair:1   | Lost mutation: You tend to lose your temper in combat. [evolution]
 37987 | Swamp:1  | Entered Level 1 of the Swamp
 38373 | Swamp:1  | Noticed Nessos
 38428 | Swamp:1  | Killed Nessos
 38530 | Swamp:1  | Identified the +5 cloak of the World {rPois Dex+2 Slay+3 Stlth-} (Okawaru gifted it to you on level 15 of the Dungeon)
 38530 | Swamp:1  | HEYOOO
 38770 | Swamp:1  | Received a gift from Okawaru
 38773 | Swamp:1  | Got a translucent great sword {god gift}
 38774 | Swamp:1  | Identified the +4 great sword of Voicova {flame, Noisy Int+6} (Okawaru gifted it to you on level 1 of the Swamp)
 39074 | Swamp:2  | Noticed Asterion
 39090 | Swamp:2  | Killed Asterion
 39114 | Swamp:2  | Gained mutation: You are partially covered in thin metallic scales (AC +2). [potion of beneficial mutation]
 39317 | Swamp:2  | Noticed Frances
 39332 | Swamp:2  | Killed Frances
 39589 | Swamp:2  | Gained mutation: Scrolls take you a little longer to read. [mutagenic meat]
 39590 | Swamp:2  | Gained mutation: You are weak. (Str -2) [mutagenic meat]
 39591 | Swamp:2  | Gained mutation: Your magical capacity is low (-10% MP). [mutagenic meat]
 40734 | Swamp:3  | Noticed Roxanne
 40768 | Swamp:3  | Killed Roxanne
 40967 | Swamp:3  | Received a gift from Okawaru
 41021 | Swamp:3  | Got a bloodstained falchion
 41022 | Swamp:3  | Identified the +10 falchion of Cailal {slice, rPois} (You found it on level 3 of the Swamp)
 41238 | Swamp:3  | Received a gift from Okawaru
 41253 | Swamp:3  | Got a dazzling long sword {god gift}
 41254 | Swamp:3  | Identified the +2 long sword "Padghyquh" {elec, +Rage Stlth+} (Okawaru gifted it to you on level 3 of the Swamp)
 41311 | Swamp:3  | Lost mutation: Scrolls take you a little longer to read. [evolution]
 41439 | Swamp:3  | Reached XP level 17. HP: 94/111 MP: 25/34
 41712 | Swamp:4  | Reached skill level 20 in Air Magic
 41783 | Swamp:4  | Noticed Nikola
 41798 | Swamp:4  | Killed Nikola
 42010 | Swamp:4  | Received a gift from Okawaru
 42729 | Swamp:5  | Entered Level 5 of the Swamp
 43485 | Swamp:5  | Received a gift from Okawaru
 43489 | Swamp:5  | Reached skill level 10 in Dodging
 43593 | Swamp:5  | Noticed the 27-headed Lernaean hydra
 43809 | Swamp:5  | Gained mutation: You have a pair of small antennae on your head. [potion of beneficial mutation]
 44054 | Swamp:5  | Mangled by the 27-headed Lernaean hydra

Action                   |  1- 3 |  4- 6 |  7- 9 | 10-12 | 13-15 | 16-18 || total
-------------------------+-------+-------+-------+-------+-------+-------++-------
Melee: Falchion          |   109 |   185 |   115 |     6 |       |       ||   415
       War axe           |       |     5 |       |       |       |       ||     5
       Dagger            |       |    20 |   365 |   738 |       |       ||  1123
       Scimitar          |       |       |       |   296 |   911 |       ||  1207
       Long sword        |       |       |       |   196 |    13 |       ||   209
       Demon blade       |       |       |       |       |    11 |       ||    11
       Great sword       |       |       |       |       |    10 |       ||    10
       Longbow           |       |       |       |       |     6 |       ||     6
       Triple sword      |       |       |       |       |       |    26 ||    26
 Fire: Shortbow          |       |       |    14 |    29 |    18 |       ||    61
       Longbow           |       |       |       |       |   802 |   852 ||  1654
Throw: Tomahawk          |       |     2 |       |       |       |       ||     2
 Cast: Infusion          |     7 |     3 |     2 |     5 |       |       ||    17
       Spectral Weapon   |     4 |    23 |    51 |   144 |   120 |     4 ||   346
       Regeneration      |       |    11 |    19 |    88 |    57 |    27 ||   202
       Shroud of Golubri |       |       |       |    36 |    38 |     8 ||    82
       Lightning Bolt    |       |       |       |     9 |    63 |    21 ||    93
       Deflect Missiles  |       |       |       |     1 |     4 |     3 ||     8
       Haste             |       |       |       |     3 |    36 |    19 ||    58
       Cure Poison       |       |       |       |       |     3 |     2 ||     5
       Freezing Cloud    |       |       |       |       |    29 |    24 ||    53
       Flight            |       |       |       |       |     1 |    23 ||    24
Invok: Heroism           |       |       |     1 |     7 |     3 |     2 ||    13
Evoke: Wand              |       |       |     4 |    17 |     2 |       ||    23
       Phial of floods   |       |       |       |     1 |     1 |       ||     2
  Use: Potion            |       |     6 |     1 |     7 |     3 |     3 ||    20
       Scroll            |       |     2 |     3 |    21 |    20 |     9 ||    55
 Stab: Sleeping          |     1 |       |     8 |     6 |    14 |       ||    29
       Distracted        |       |       |     5 |    15 |    15 |       ||    35
  Eat: Chunk             |     3 |    12 |    10 |    26 |    79 |    36 ||   166
       Meat ration       |       |       |     2 |     4 |       |     1 ||     7
       Fruit             |       |       |       |     5 |    10 |    12 ||    27
       Bread ration      |       |       |       |       |     3 |       ||     3
       Pizza             |       |       |       |       |       |     1 ||     1
